 Dungeon Crawl Stone Soup version 0.19-a0-1704-gbd66c22 (webtiles) character file.

76167 TheGoonsmith the Devastator (level 15, -1/76 HPs)
             Began as a Deep Elf Fire Elementalist on Sept 27, 2016.
             Was a High Priest of Vehumet.
             Killed from afar by Azrael (37 damage)
             ... with damnation
             ... on level 1 of the Spider Nest.
             The game lasted 01:04:09 (28093 turns).

TheGoonsmith the Devastator (DEFE)                 Turns: 28093, Time: 01:04:12

Health: -1/76      AC: 10    Str: 13    XL:     15   Next: 11%
Magic:  13/35      EV: 18    Int: 27    God:    Vehumet [*****.]
Gold:   768        SH: 10    Dex: 19    Spells: 8 memorised, 4 levels left

rFire  + . .     SeeInvis .     a - +8 morningstar of Crystal {vamp, +Rage rPois rF+ rN+}
rCold  . . .     Gourm    .     C - +0 robe {Archmagi}
rNeg   + . .     Faith    .     P - +0 buckler
rPois  +         Spirit   .     j - +0 helmet
rElec  .         Dismiss  .     Q - +0 cloak "Xepsest" {Str+8}
rCorr  .         Reflect  +     e - -1 pair of gloves
MR     +....     Harm     .     y - +0 pair of boots
Stlth  ++........               f - +4 amulet of reflection
                                t - +4 ring of protection
                                q - +4 ring of dexterity

@: no status effects
A: no striking features
a: Renounce Religion, Evoke Berserk Rage


You were on level 1 of the Spider Nest.
You worshipped Vehumet.
Vehumet was extremely pleased with you.
You were near starving.

You visited 5 branches of the dungeon, and saw 20 of its levels.
You also visited: Sewer.

You collected 2464 gold pieces.
You spent 1696 gold pieces at shops.

Inventory:

Hand Weapons
 a - the +8 morningstar of Crystal (weapon) {vamp, +Rage rPois rF+ rN+}
   (You bought it in a shop on level 2 of the Orcish Mines)

   It inflicts no extra harm, but heals its wielder somewhat when it strikes a
   living foe.
   It protects you from fire.
   It protects you from poison.
   It protects you from negative energy.
   It lets you go berserk.
Missiles
 k - 2 throwing nets (quivered)
Armour
 e - a -1 pair of gloves (worn)
 j - a +0 helmet (worn)
 y - a +0 pair of boots (worn)
 C - a +0 robe of the Archmagi (worn)
 P - a +0 buckler (worn)
 Q - the +0 cloak "Xepsest" (worn) {Str+8}
   (You bought it in a shop on level 9 of the Dungeon)

   It affects your strength (+8).
Magical Staves
 n - an uncursed staff of conjuration
 T - an uncursed staff of energy {unknown}
Jewellery
 f - a +4 amulet of reflection (around neck)
 q - a +4 ring of dexterity (left hand)
 t - a +4 ring of protection (right hand)
 K - an uncursed ring of protection from cold
 Y - an uncursed ring of protection from fire
Wands
 g - a wand of digging (7/24)
 E - a wand of teleportation (1/9)
 F - a wand of digging (8/24)
 N - a wand of lightning (2/15)
Scrolls
 h - 5 scrolls of teleportation
 p - 4 scrolls of blinking
 r - 9 scrolls of identify
 v - 10 scrolls of remove curse
 x - 2 scrolls of magic mapping
 H - a scroll of amnesia
 J - 2 scrolls of fear
 R - 3 scrolls of recharging
 W - a scroll of enchant weapon
Potions
 b - a potion of cancellation
 l - 9 potions of curing
 o - 4 potions of heal wounds
 w - 5 potions of might
 z - 4 potions of brilliance
 A - a potion of resistance
 B - 4 potions of agility
 G - 3 potions of flight
 I - a potion of magic
 S - a potion of ambrosia
 X - 4 potions of haste
Comestibles
 c - 14 bread rations
 m - 26 fruits
 u - a royal jelly
 D - 2 beef jerkies


   Skills:
 - Level 2.0 Fighting
 - Level 7.4 Dodging
 - Level 2.4 Stealth
 - Level 4.2 Shields
 + Level 14.3 Spellcasting
 * Level 16.8 Conjurations
 - Level 10.0 Summonings
 * Level 15.4 Fire Magic


You had 4 spell levels left.
You knew the following spells:

 Your Spells              Type           Power        Failure   Level  Hunger
a - Flame Tongue          Conj/Fire      #####        0%          1    None
b - Bolt of Fire          Conj/Fire      ########..   1%          6    ####...
c - Conjure Flame         Conj/Fire      ########     0%          3    None
d - Orb of Destruction    Conj           ########..   1%          7    ######.
e - Irradiate             Conj/Tmut      #######...   1%          5    #......
f - Fireball              Conj/Fire      ########..   1%          5    #......
g - Spellforged Servitor  Conj/Summ      #######...   3%          7    ######.
s - Sticky Flame          Conj/Fire      ########     1%          4    None


Dungeon Overview and Level Annotations

Branches:
Dungeon (10/15)            Temple (1/1) D:5            Lair (6/6) D:10
 Shoals (0/4) Lair:4       Spider (1/4) Lair:2        Slime (0/5) Lair:6
    Orc (2/2) D:10            Elf (0/3) Orc:2

Altars:
Ashenzari
Cheibriados
Dithmenos
Elyvilon
Fedhas
Gozag
Hepliaklqana
Kikubaaqudgha
Makhleb
Nemelex Xobeh
Okawaru
Qazlal
Ru
Sif Muna
Trog
Uskayaw
Vehumet
Xom
Yredelemnul
Zin
The Shining One
Beogh

Shops:
D:9 [   Orc:2 =(:(

Annotations:
Lair:2 exclusion: downstairs
Lair:3 exclusion: oklob plant
Spider:1 Azrael


Message History

Aiming: Orb of Destruction
Press: ? - help, Shift-Dir - straight line, f - hell hound
Aim: a hell hound (lightly wounded)
You feel a surge of power!
The wavering orb of destruction weakly hits the hell hound.
You blow up the hell hound!
Vehumet accepts your kill.
You feel your power returning.
Your spellforged servitor is engulfed in roaring flames.
You start resting.
Azrael hits your spellforged servitor with a scimitar of flaming!
Your spellforged servitor conjures an orb of pure magic.
The wavering orb of destruction weakly hits Azrael.
Azrael gestures at your spellforged servitor.
The sphere of damnation explodes!
The damnation engulfs your spellforged servitor.
Your spellforged servitor is destroyed!
The damnation engulfs Azrael.
Azrael completely resists.
The damnation engulfs you!
You die...

## . .# . .. # ## #.#.#.
.#..## # .##.. ..#.##...#. #
. ..#. ...#.#.#...# ..##..#
###.......#...... .#..#..
#..#....#......##
!.§....#####....###..#.#..#.
#§..##...#.....###.#..†.
#.R§.#.#§##@#.#..#..........
§#E #...R.#..##.##.##.#..#.
#...#.#%#.#...#.##.#....#.
...#.§....#.##..#.....#...#
#.#..#.#...#...............
....#...#...#.#.###.#.#...
##. .#..##...>..##^...#.#.
######## ##.#.# ###..##..
### ##.###.


You could see Azrael.

Vanquished Creatures
  A stone giant (Orc:1)
  Nessos (Lair:5)
  The ghost of slenderog the Markscentaur, a journeyman CeHu of Okawaru (Lair:6)
  A fire dragon (Lair:6)
  Erolcha (Orc:1)
  9 hydras
  Erica (D:8)
  6 orc high priests (Orc:2)
  Urug (Orc:1)
  13 death yaks
  Nergalle (Orc:1)
  7 orc knights (Orc:2)
  3 hill giants (D:10)
  Pikel (D:7)
  An orc sorcerer (Orc:2)
  2 orb spiders (Spider:1)
  6 wolf spiders
  2 hornets (Lair:6)
  A guardian serpent (Lair:6)
  Joseph (D:9)
  13 black mambas
  6 elephants
  A gargoyle (D:10)
  16 spiny frogs
  Psyche (D:9)
  2 rime drakes (Lair:6)
  7 komodo dragons
  A tengu conjurer (D:10)
  2 trolls
  4 jumping spiders
  4 slime creatures
  6 blink frogs
  4 hippogriffs
  Sigmund (D:6)
  A snapping turtle (Lair:4)
  5 tarantellas (Spider:1)
  2 wraiths (D:10)
  6 redbacks
  Eustachio (D:4)
  4 wyverns
  A fire elemental (Spider:1)
  24 yaks
  2 hungry ghosts (D:9)
  Grum (D:9)
  2 steam dragons (Lair:6)
  A vampire mosquito (D:10)
  2 mottled dragons (Lair:6)
  A soldier ant (D:10)
  3 wargs
  Menkaure (D:4)
  2 hell hounds (Spider:1)
  24 water moccasins
  A sky beast (D:10)
  35 orc warriors
  10 porcupines
  2 swamp drakes (Lair:6)
  2 ice beasts
  3 wasps (Lair:6)
  2 phantoms
  8 wolves
  9 ogres
  A slave (D:7)
  3 black bears
  5 centaurs
  8 crocodiles
  Blork the orc (D:6)
  A big kobold (D:9)
  19 bullfrogs
  3 scorpions
  2 wyvern skeletons
  10 killer bees
  A howler monkey (D:6)
  3 crimson imps
  The ghost of Gorfmaster the Magician, a weakling DEAE (D:3)
  3 bullfrog zombies (D:6)
  6 jellies
  30 orc priests
  3 centaur zombies
  23 orc wizards
  A wasp zombie (D:8)
  4 bullfrog skeletons
  A centaur skeleton (D:6)
  8 hounds
  10 iguanas
  12 worker ants
  A killer bee zombie (D:9)
  A hound zombie (D:6)
  3 hound skeletons
  2 worker ant zombies (D:6)
  22 adders
  55 river rats
  4 oozes
  4 adder zombies
  2 worms
  An adder skeleton (D:8)
  3 dart slugs
  2 leopard geckos
  116 orcs
  7 ball pythons
  2 giant cockroaches
  11 goblins
  6 hobgoblins
  8 jackals
  A quokka (D:5)
  2 ball python zombies
  12 bats
  5 frilled lizards
  A jackal zombie (D:8)
  24 kobolds
  A leopard gecko zombie (D:6)
  A quokka skeleton (D:9)
  2 quokka zombies (D:6)
  35 rats
  A fungus (Lair:6)
777 creatures vanquished.

Vanquished Creatures (collateral kills)
  2 fire elementals (Spider:1)
  A hell hound (Spider:1)
3 creatures vanquished.

Vanquished Creatures (others)
  36 fungi
  36 plants
72 creatures vanquished.

Grand Total: 852 creatures vanquished

Notes
Turn   | Place    | Note
-------+----------+-------------------------------------------
     0 | D:1      | TheGoonsmith the Deep Elf Fire Elementalist began the quest for the Orb.
     0 | D:1      | Reached XP level 1. HP: 10/10 MP: 6/6
   197 | D:1      | Reached XP level 2. HP: 15/15 MP: 6/8
   424 | D:1      | Reached skill level 2 in Conjurations
   810 | D:1      | Reached XP level 3. HP: 19/19 MP: 4/9
  1007 | D:2      | Found a stormy altar of Qazlal.
  1677 | D:2      | Reached skill level 3 in Conjurations
  1677 | D:2      | Reached XP level 4. HP: 24/24 MP: 8/11
  2101 | D:3      | Found a burning altar of Makhleb.
  2112 | D:3      | Reached skill level 4 in Conjurations
  2112 | D:3      | Reached XP level 5. HP: 9/28 MP: 6/13
  2397 | D:3      | Noticed Gorfmaster's ghost (weakling DEAE)
  2403 | D:3      | Killed Gorfmaster's ghost
  2978 | D:4      | Learned a level 4 spell: Sticky Flame
  2982 | D:4      | Learned a level 3 spell: Conjure Flame
  2988 | D:4      | Learned a level 5 spell: Fireball
  3036 | D:4      | Reached skill level 5 in Fire Magic
  3036 | D:4      | Reached XP level 6. HP: 32/32 MP: 9/14
  3223 | D:4      | Noticed Menkaure
  3229 | D:4      | Killed Menkaure
  3229 | D:4      | Reached skill level 5 in Spellcasting
  3229 | D:4      | Reached skill level 5 in Conjurations
  3367 | D:4      | Reached XP level 7. HP: 26/36 MP: 9/17
  3382 | D:4      | Noticed Eustachio
  3976 | D:4      | Killed Eustachio
  3976 | D:4      | Reached skill level 6 in Conjurations
  4101 | D:5      | Entered Level 5 of the Dungeon
  4360 | D:5      | Found a staircase to the Ecumenical Temple.
  4380 | D:5      | Found a glowing drain.
  4384 | Sewer    | Entered a sewer
  5460 | Temple   | Entered the Ecumenical Temple
  5564 | Temple   | Became a worshipper of Vehumet
  5762 | D:5      | Reached XP level 8. HP: 39/41 MP: 19/19
  6145 | D:6      | Reached * piety under Vehumet
  6145 | D:6      | Offered knowledge of Sandblast by Vehumet.
  6145 | D:6      | Reached skill level 7 in Conjurations
  6663 | D:6      | Noticed Blork the orc
  6671 | D:6      | Killed Blork the orc
  6897 | D:6      | Noticed Sigmund
  6900 | D:6      | Reached skill level 8 in Conjurations
  6901 | D:6      | Killed Sigmund
  7133 | D:6      | Reached XP level 9. HP: 45/45 MP: 20/22
  7138 | D:6      | Reached ** piety under Vehumet
  7158 | D:6      | Offered knowledge of Freeze by Vehumet.
  7640 | D:6      | Reached skill level 9 in Conjurations
  8007 | D:7      | Reached skill level 1 in Fighting
  8516 | D:7      | Noticed Pikel
  8523 | D:7      | Killed Pikel
  8523 | D:7      | Reached skill level 5 in Dodging
  9300 | D:8      | Reached XP level 10. HP: 52/52 MP: 18/24
  9455 | D:8      | Noticed Erica
  9461 | D:8      | Killed Erica
 10077 | D:9      | Offered knowledge of Static Discharge by Vehumet.
 10254 | D:9      | Reached skill level 10 in Conjurations
 10255 | D:9      | Reached skill level 10 in Fire Magic
 10259 | D:9      | Noticed Grum
 10659 | D:9      | Reached *** piety under Vehumet
 10835 | D:9      | Noticed Joseph
 10839 | D:9      | Killed Joseph
 10995 | D:9      | Killed Grum
 11168 | D:9      | Found Huoll's Antique Armour Emporium.
 11173 | D:9      | Bought a distressingly furry cloak for 266 gold pieces
 11173 | D:9      | Bought a smelly leather armour for 196 gold pieces
 11183 | D:9      | Identified the cursed +0 leather armour of Spin the Turtle {rN+ Str+4 Dex-4} (You bought it in a shop on level 9 of the Dungeon)
 11193 | D:9      | Identified the cursed +0 cloak "Xepsest" {Str+8} (You bought it in a shop on level 9 of the Dungeon)
 11243 | D:9      | Noticed Psyche
 11247 | D:9      | Killed Psyche
 11247 | D:9      | Reached skill level 1 in Shields
 11436 | D:9      | Found a sacrificial altar of Ru.
 11710 | D:10     | Entered Level 10 of the Dungeon
 12080 | D:9      | Learned a level 6 spell: Bolt of Fire
 12088 | D:9      | Learned a level 7 spell: Orb of Destruction
 12170 | D:10     | Noticed a gargoyle
 12177 | D:10     | Killed a gargoyle
 12186 | D:10     | Reached XP level 11. HP: 53/57 MP: 4/26
 12360 | D:10     | Offered knowledge of Dazzling Spray by Vehumet.
 12983 | D:10     | Reached skill level 11 in Conjurations
 12988 | D:10     | Reached **** piety under Vehumet
 13127 | D:10     | Found a staircase to the Orcish Mines.
 13151 | D:10     | Offered knowledge of Throw Icicle by Vehumet.
 13299 | D:10     | Noticed a hill giant
 13305 | D:10     | Killed a hill giant
 13431 | D:10     | Got an encrusted flail
 13442 | D:10     | Got a pitted war axe
 13443 | D:10     | Identified the +2 flail "Nuon" {crush, rPois} (You found it on level 10 of the Dungeon)
 13444 | D:10     | Identified the cursed +1 war axe "Piafubam" {flame, rPois} (You found it on level 10 of the Dungeon)
 13453 | D:10     | Found a staircase to the Lair.
 13799 | D:10     | Found a runed door.
 14235 | D:10     | Noticed a hill giant
 14235 | D:10     | Noticed a hill giant
 14242 | D:10     | Killed a hill giant
 14242 | D:10     | Reached skill level 10 in Spellcasting
 14242 | D:10     | Reached skill level 12 in Conjurations
 14243 | D:10     | Killed a hill giant
 14330 | Lair:1   | Entered Level 1 of the Lair of Beasts
 14346 | Lair:1   | Noticed a four-headed hydra
 14350 | Lair:1   | Killed a four-headed hydra
 14649 | Lair:1   | Reached ***** piety under Vehumet
 14649 | Lair:1   | Reached skill level 13 in Conjurations
 14650 | Lair:1   | Offered knowledge of Olgreb's Toxic Radiance by Vehumet.
 15492 | Lair:2   | Reached XP level 12. HP: 62/62 MP: 20/29
 15543 | Lair:2   | Noticed a four-headed hydra
 15547 | Lair:2   | Killed a four-headed hydra
 16061 | Lair:2   | Noticed a six-headed hydra
 16063 | Lair:2   | Killed a six-headed hydra
 16126 | Lair:2   | Found a hole to the Spider Nest.
 16216 | Lair:2   | Noticed a death yak
 16317 | Lair:2   | Noticed a death yak
 16324 | Lair:2   | Noticed a death yak
 16324 | Lair:2   | Killed a death yak
 16325 | Lair:2   | Killed a death yak
 16350 | Lair:2   | Killed a death yak
 16350 | Lair:2   | Reached skill level 14 in Conjurations
 16952 | Lair:3   | Noticed a five-headed hydra
 16954 | Lair:3   | Killed a five-headed hydra
 17515 | Lair:3   | Noticed a six-headed hydra
 17518 | Lair:3   | Killed a six-headed hydra
 17518 | Lair:3   | Offered knowledge of Irradiate by Vehumet.
 17740 | Lair:3   | Learned a level 5 spell: Irradiate
 18198 | Lair:4   | Noticed a six-headed hydra
 18200 | Lair:4   | Killed a six-headed hydra
 18200 | Lair:4   | Reached XP level 13. HP: 66/66 MP: 28/31
 18781 | Lair:4   | Found a staircase to the Shoals.
 19139 | Lair:5   | Reached skill level 15 in Conjurations
 19561 | Lair:5   | Noticed Nessos
 19567 | Lair:5   | Killed Nessos
 20068 | Orc:1    | Entered Level 1 of the Orcish Mines
 20068 | Orc:1    | Noticed Nergalle
 20069 | Orc:1    | Killed Nergalle
 20179 | Orc:1    | Noticed Erolcha
 20181 | Orc:1    | Killed Erolcha
 20242 | Orc:1    | Noticed a stone giant
 20246 | Orc:1    | Killed a stone giant
 20468 | Orc:1    | Noticed Urug
 20470 | Orc:1    | Killed Urug
 20584 | Orc:1    | Offered knowledge of Iskenderun's Battlesphere by Vehumet.
 20885 | Orc:2    | Entered Level 2 of the Orcish Mines
 20885 | Orc:2    | Found Akiwywk's Weapon Emporium.
 20885 | Orc:2    | Found a roughly hewn altar of Beogh.
 21492 | Orc:2    | Found a staircase to the Elven Halls.
 21849 | Orc:2    | Reached skill level 16 in Conjurations
 22724 | Orc:2    | Reached XP level 14. HP: 68/72 MP: 24/33
 23553 | Orc:2    | Found Heewn's Gadget Boutique.
 23556 | Orc:2    | Found Cifopp's Jewellery Boutique.
 23557 | Orc:2    | Found Ysupn's Book Boutique.
 23558 | Orc:2    | Found Beebuun's Weapon Shop.
 23562 | Orc:2    | Bought a +4 amulet of reflection for 300 gold pieces
 23581 | Orc:2    | Bought the +8 morningstar of Crystal {vamp, +Rage rPois rF+ rN+} for 934 gold pieces
 23681 | Lair:1   | Learned a level 7 spell: Spellforged Servitor
 23846 | Lair:6   | Entered Level 6 of the Lair of Beasts
 23970 | Lair:5   | Offered knowledge of Poison Arrow by Vehumet.
 24089 | Lair:6   | Reached skill level 15 in Fire Magic
 24162 | Lair:6   | Noticed slenderog's ghost (journeyman CeHu)
 24182 | Lair:6   | Killed slenderog's ghost
 24593 | Lair:6   | Reached skill level 5 in Summonings
 26261 | Lair:6   | Offered knowledge of Poisonous Cloud by Vehumet.
 26539 | Lair:6   | Reached skill level 10 in Summonings
 26630 | Lair:6   | Found a staircase to the Slime Pits.
 27180 | Spider:1 | Entered Level 1 of the Spider Nest
 27405 | Spider:1 | Reached XP level 15. HP: 76/76 MP: 31/35
 28073 | Spider:1 | Noticed Azrael
 28093 | Spider:1 | Killed from afar by Azrael

Vault maps used:
D:1:      dpeg_arrival_brainrot
D:2:      first_bread, hangedman_decor_riveting,
          nicolae_qazlal_general_emergency
D:3:      serial_glass, glass_columns_b, glass_columns_c, serial_bayou_pond_b,
          bloody_makhleb
D:4:      uniq_eustachio, uniq_menkaure
D:5:      gup_sewer_entry_bowl, corexii_corridor_pit
D:6:      serial_undead, serial_undead_b, serial_undead_e, serial_undead_a,
          serial_undead_c, serial_undead_a, serial_undead_e, serial_undead_e,
          hangedman_decor_growths, minmay_joined_circles, uniq_blork_the_orc,
          uniq_sigmund
D:7:      uniq_pikel
D:8:      uniq_erica
D:9:      serial_shops, shop, nicolae_ru_the_path_less_chosen, uniq_grum,
          uniq_joseph, uniq_psyche
D:10:     lair_0_dummy, hiddenorc2_lemuel, grunt_tengu_nest, minmay_st_funbox,
          st_stairs_6
Temple:   kilobyte_greek_temple
Lair:1:   beast_lair_carwin_3, bh_autumn_forest_stairs
Lair:2:   spider_nest_entry_webs, lemuel_old_faithful
Lair:3:   patterned_corridor
Lair:4:   minmay_shoals_entry_hut, kennysheep_catoblepas_arena
Lair:5:   infiniplex_staircase_pool_2, grunt_megastairs_2, lemuel_fruit_fields,
          uniq_nessos
Lair:6:   hangedman_lair_tendril_chambers, guppyfry_lair_end_dragon,
          nicolae_slime_entry_slimehenge
Spider:1: uniq_azrael
Orc:1:    uniq_urug, uniq_nergalle, uniq_erolcha
Orc:2:    st_orc_pillars, basic_altar, serial_shops, shop_fountains
Sewer:    sewer_minmay_treatment

Skill      XL: |  1  2  3  4  5  6  7  8  9 10 11 12 13 14 |
---------------+-------------------------------------------+-----
Conjurations   | 2 3 4 5 6 8 9 10 13 14 16 | 16.8
Fire Magic     | 4 5 6 8 9 11 13 14 15 | 15.4
Spellcasting   | 4 5 6 7 8 9 11 12 13 14 | 14.3
Fighting       | 1 2 |  2.0
Dodging        | 7 |  7.4
Shields        | 4 |  4.2
Summonings     | 10 | 10.0
Stealth        | |  2.4

Action                   |  1- 3 |  4- 6 |  7- 9 | 10-12 | 13-15 || total
-------------------------+-------+-------+-------+-------+-------++-------
Melee: Morningstar       |       |     1 |       |       |    61 ||    62
       Dagger            |       |     1 |    52 |     6 |       ||    59
       War axe           |       |       |       |     7 |    11 ||    18
 Cast: Flame Tongue      |    57 |   101 |   347 |   415 |   378 ||  1298
       Conjure Flame     |       |     1 |    10 |    16 |     1 ||    28
       Sticky Flame      |       |     3 |    14 |    33 |    51 ||   101
       Fireball          |       |       |    11 |    57 |    40 ||   108
       Bolt of Fire      |       |       |       |    32 |   130 ||   162
       Orb of Destructio |       |       |       |     5 |    32 ||    37
       Irradiate         |       |       |       |       |     1 ||     1
       Spellforged Servi |       |       |       |       |     1 ||     1
Evoke: Wand              |       |       |       |     3 |       ||     3
  Use: Scroll            |       |     8 |    17 |     6 |     4 ||    35
       Potion            |       |       |       |     2 |     1 ||     3
  Eat: Chunk             |     2 |     6 |     9 |    27 |    45 ||    89
       Bread ration      |       |       |     1 |     1 |     2 ||     4
       Meat ration       |       |       |     2 |     2 |     3 ||     7
       Beef jerky        |       |       |       |     2 |     2 ||     4
       Pizza             |       |       |       |     1 |       ||     1
Armor: Robe              |     1 |     1 |    45 |    37 |    52 ||   136
Dodge: Dodged            |     3 |    23 |   120 |   154 |   137 ||   437
Block: Buckler           |       |       |       |    40 |    93 ||   133
